 Dungeon Crawl Stone Soup version 0.26.1-11-gd32895ea62 (webtiles) character file.

Game seed: 6457085483609024023

39 ubername the Slasher (level 3, 0/30 HPs)
             Began as a Barachi Berserker on May 27, 2021.
             Was a Follower of Trog.
             Succumbed to an adder's poison
             ... on level 2 of the Dungeon.
             The game lasted 00:01:23 (990 turns).

ubername the Slasher (Barachi Berserker)             Turns: 990, Time: 00:01:24

Health: 0/30       AC:  2    Str: 19    XL:     3   Next: 45%
Magic:  3/3        EV: 12    Int:  7    God:    Trog [*.....]
Gold:   59         SH:  0    Dex: 11    Spells: 2/2 levels left

rFire    . . .     SeeInvis .   a - +0 falchion
rCold    . . .     Faith    .   (no shield)
rNeg     . . .     Spirit   .   b - +0 animal skin
rPois    .         Reflect  .   (no helmet)
rElec    .         Harm     .   (no cloak)
rCorr    .         Rampage  .   (no gloves)
Will     .....                  (no boots)
Stlth    +.........             (no amulet)
HPRegen  0.10/turn              (no ring)
MPRegen  0.08/turn              (no ring)

@: lethally poisoned (0 -> -9), berserk cooldown, slowed, very slow
A: +LOS, swims, slowness 1, strong legs 1
a: Hop, Renounce Religion, Berserk


You were on level 2 of the Dungeon.
You worshipped Trog.
Trog was aware of your devotion.
You visited 1 branch of the dungeon, and saw 2 of its levels.

You collected 59 gold pieces.

Inventory:

Hand Weapons
 a - a +0 falchion (weapon)
 g - a +0 hunting sling
 i - a +0 dagger of pain
Missiles
 f - 58 stones
Armour
 b - a +0 animal skin (worn)
Scrolls
 c - 2 scrolls of remove curse {unknown}
 d - 2 scrolls of identify {unknown}
Potions
 e - a potion of might {unknown}
 h - a potion of cancellation {unknown}
 j - a potion of brilliance {unknown}


   Skills:
 + Level 4.2 Fighting
 + Level 4.5 Long Blades
 + Level 2.5 Armour
 + Level 2.5 Dodging
 + Level 0.1 Stealth


You had 2 spell levels left.
You didn't know any spells.
Your spell library was empty.

Dungeon Overview and Level Annotations

Branches:
Dungeon (2/15)

Altars:


Innate Abilities, Weirdness & Mutations

You can be seen from farther away. (+LOS)
You can swim through water.
You cover ground slowly.
You can hop short distances.


Message History

You kill the adder!
Trog accepts your kill.
* * * LOW HITPOINT WARNING * * *
You feel sick. The ball python barely misses you.
You riposte.
You slash the ball python!
You kill the ball python!
Trog accepts your kill.
You see here a ball python corpse.
You are too berserk!
You feel a strong urge to attack something.
* * * LOW HITPOINT WARNING * * *
You feel sick.
* * * LOW HITPOINT WARNING * * *
You feel sick.
There is a stone staircase leading down, spattered with blood here.
You feel your anger nearly subside.
You are no longer berserk.
You are exhausted.
You feel yourself slow down.
You die...

#..# . .... #######..#
.#####.. ......)..#
..#... ##.#####.# #.#.#
.# . #... #.# #...##..#.#
#.#.## #.# #††......##
.....###.#.####†>.##....#
.###...#.#......#....#
.#.#.#...######.@.####
.#.#.....# ##.##
..†....#.## #.###########
##.##.....###
#...........#
#...#.###...##
#..########.#
..†.....#.#..# ##.# #.#
#...#.###....## #.# #.#
##.##.).......# #.# #.#
.......#...##.# #.#
##.######


There were no monsters in sight!

Vanquished Creatures
  An adder (D:2)
  An ooze (D:1)
  A dart slug (D:1)
  A worm (D:2)
  3 goblins (D:1)
  3 hobgoblins (D:1)
  A quokka (D:2)
  A ball python (D:2)
  3 bats (D:1)
  2 frilled lizards
  3 kobolds (D:1)
  3 rats
23 creatures vanquished.

Notes
Turn   | Place    | Note
-------+----------+-------------------------------------------
     0 | D:1      | ubername the Barachi Berserker began the quest for the Orb.
     0 | D:1      | Reached XP level 1. HP: 18/18 MP: 1/1
   331 | D:1      | Reached XP level 2. HP: 25/25 MP: 2/2
   709 | D:1      | Reached XP level 3. HP: 30/30 MP: 3/3
   987 | D:2      | HP: 2/45 [poisoned by an adder]
   990 | D:2      | Succumbed to an adder's poison

Illustrated notes

Levels and vault maps discovered:
D:1:      psy_arrival_whirlpool, layout_loops_ring
D:2:      layout_loops_ring, minmay_misc_feat_tower, minmay_fractal_squares_5,
          uniq_robin

Skill      XL: |  1  2 |
---------------+-------+-----
Long Blades    | 4 |  4.5
Fighting       | 4 |  4.2
Armour         | |  2.5
Dodging        | |  2.5
Stealth        | |  0.1

Action                   || total
-------------------------++-------
Melee: Falchion          ||    50
Invok: Berserk           ||     2
 Stab: Sleeping          ||     1
Armor: Animal skin       ||     8
Dodge: Dodged            ||    46
       Rpst.: Falchion   ||    16
